 Dungeon Crawl Stone Soup version 0.27-a0-1046-g98bf31544f (webtiles) character file.

Game seed: 812993807920618991

422 porpoise the Magician (level 6, -9/43 HPs)
             Began as a Djinni Venom Mage on Apr 20, 2021.
             Mangled by an ogre
             ... wielding a +0 giant club
              (30 damage)
             ... on level 4 of the Dungeon.
             The game lasted 00:14:29 (5799 turns).

porpoise the Magician (Djinni Venom Mage)           Turns: 5799, Time: 00:14:30

Health: -9/43      AC:  4    Str:  7    XL:     6   Next: 95%
Gold:   177        EV: 12    Int: 19    God:
                   SH:  0    Dex: 13

rFire    + + .     SeeInvis .   a - +1 short sword
rCold    x . .     Faith    .   (no shield)
rNeg     . . .     Spirit   .   b - +1 robe
rPois    ∞         Reflect  .   (no helmet)
rElec    .         Harm     .   k - +0 cloak
rCorr    .         Rampage  .   (no gloves)
Will     .....                  (boots unavailable)
Stlth    ++........             (no amulet)
HPRegen  0.14/turn              (no ring)
MPRegen  0.00/turn              (no ring)

@: flying
A: fire resistance 2, cold vulnerability 1, float, innate caster, hp casting,
extra vitality 1
a: no special abilities


You were on level 4 of the Dungeon.
You visited 1 branch of the dungeon, and saw 4 of its levels.

You collected 177 gold pieces.

Inventory:

Hand Weapons
 a - a +1 short sword (weapon)
Missiles
 e - 195 stones
 h - 10 arrows
 j - 36 poisoned darts (quivered)
 l - 26 sling bullets
 r - 4 boomerangs
Armour
 b - a +1 robe (worn)
 g - a +3 leather armour
 k - a +0 cloak (worn)
Scrolls
 i - a scroll of teleportation
 n - a scroll of vulnerability
Potions
 c - a potion of ambrosia
 d - a potion of curing {unknown}
 f - a potion of resistance
 m - a potion of brilliance {unknown}
 o - a potion of haste {unknown}
 s - a potion of cancellation {unknown}


   Skills:
 + Level 1.6 Fighting
 + Level 0.2 Short Blades
 + Level 0.5 Throwing
 - Level 2.1 Dodging
 - Level 1.5 Stealth
 + Level 6.1 Spellcasting


You had one spell level left.
You knew the following spells:

 Your Spells              Type           Power      Damage    Failure   Level
a - Sting                 Tmut/Pois      100%       1d8       1%          1
i - Ignite Poison         Fire/Tmut/Pois 28%        N/A       2%          3
l - Slow                  Hex            28%        N/A       1%          2
m - Mephitic Cloud        Conj/Pois/Air  28%        N/A       2%          3
o - Olgreb's Toxic Radia  Pois           28%        N/A       9%          4
s - Shock                 Conj/Air       100%       1d9       1%          1
v - Poisonous Vapours     Pois/Air       56%        N/A       1%          2
Your spell library was empty.

Dungeon Overview and Level Annotations

Branches:
Dungeon (4/15)
 Temple: D:4-7

Altars:
Qazlal
Sif Muna
Vehumet


Innate Abilities, Weirdness & Mutations

You are immune to poison.
Your flesh is very heat resistant. (rF++)
You are vulnerable to cold. (rC-)
You float through the air rather than walking.
You learn spells naturally, not from books.
Your magical power is your life essence.
You have superior vitality. (+4 HP)


Message History

Found a bone long sword, a club and a hand axe.
There is an open door here.
Casting: Shock (safe; 1% risk of failure)
Confirm with . or Enter, or press ? or * to list all spells.
You don't know that spell.
Casting: Shock (safe; 1% risk of failure)
Confirm with . or Enter, or press ? or * to list all spells.
Aiming: Shock (safe; 1% risk of failure)
Press: ? - help, Shift-Dir - straight line The zap hits the ogre.
The ogre is lightly wounded.
The zap hits the ogre.
The ogre is moderately wounded.
Casting: Shock (safe; 1% risk of failure)
Confirm with . or Enter, or press ? or * to list all spells.
Aiming: Shock (safe; 1% risk of failure)
Press: ? - help, Shift-Dir - straight line The zap hits the ogre.
The ogre is moderately wounded.
The zap hits the ogre.
The ogre is moderately wounded.
Casting: Shock (safe; 1% risk of failure)
Confirm with . or Enter, or press ? or * to list all spells.
Aiming: Shock (safe; 1% risk of failure)
Press: ? - help, Shift-Dir - straight line The zap hits the ogre!
The ogre is severely wounded.
The zap hits the ogre.
The ogre is severely wounded.
The ogre hits you with a +0 giant club!!
Casting: Shock (safe; 1% risk of failure)
Confirm with . or Enter, or press ? or * to list all spells.
Aiming: Shock (safe; 1% risk of failure)
Press: ? - help, Shift-Dir - straight line The zap hits the ogre!
The ogre is almost dead.
The zap misses the ogre.
The ogre hits you with a +0 giant club!!
Ouch! That really hurt!
You die...

......#
#..........#.######.#
###.###
########............#
##.## #.....########
##...## ####.....# ......#
######........# .#....#
#.............#
.##...######...###..#...##
.##.........).##.##.#####
.##.#.######..'.@.#.####
......######..##O##....##
.......##......#'###+#..#
.......##..#####.##..##.#
.......##.##...'#))...#.#
.......##.#.....##....#.#
.......##.#.....###..##.#
..........#.))..#.####..#
.......#..##.).##......##


You could see an ogre.

Vanquished Creatures
  A phantom (D:4)
  A bullfrog (D:3)
  A jelly (D:4)
  2 iguanas (D:4)
  3 gnolls (D:4)
  9 adders
  An adder skeleton (D:4)
  3 worms
  A dart slug (D:3)
  An orc (D:3)
  9 bats
  7 endoplasms
  4 giant cockroaches
  6 goblins
  7 hobgoblins
  4 jackals
  6 quokkas
  3 ball pythons
  5 frilled lizards
  6 kobolds
  10 rats
90 creatures vanquished.

Notes
Turn   | Place    | Note
-------+----------+-------------------------------------------
     0 | D:1      | porpoise the Djinni Venom Mage began the quest for the Orb.
     0 | D:1      | Reached XP level 1. HP: 15/15 MP: 0/0
   232 | D:1      | Reached skill level 3 in Spellcasting
   292 | D:1      | Reached XP level 2. HP: 18/22 MP: 0/0
  1131 | D:1      | Reached skill level 1 in Fighting
  1179 | D:1      | Reached XP level 3. HP: 21/27 MP: 0/0
  1179 | D:1      | Learned a level 1 spell: Shock
  1949 | D:2      | Reached XP level 4. HP: 31/32 MP: 0/0
  1987 | D:2      | Reached skill level 4 in Spellcasting
  2122 | D:2      | You are sucked into a shaft and drop 2 floors!
  2606 | D:4      | Reached XP level 5. HP: 34/37 MP: 0/0
  2606 | D:4      | Learned a level 2 spell: Slow
  3443 | D:3      | Found a faded altar of an unknown god.
  3768 | D:3      | Reached skill level 5 in Spellcasting
  4120 | D:3      | Reached XP level 6. HP: 13/42 MP: 0/0
  4470 | D:3      | Found a stormy altar of Qazlal.
  5608 | D:4      | HP: 1/42 [phantom (5)]
  5623 | D:4      | Reached skill level 6 in Spellcasting
  5799 | D:4      | Mangled by an ogre

Illustrated notes

Levels and vault maps discovered:
D:1:      scummos_arrival_simple_fountains, layout_basic, grunt_decor_clamped
D:2:      layout_rooms, basic_altar
D:3:      layout_basic, marbit_many_paths, nicolae_qazlal_eye_of_the_storm,
          hellmonk_ecumenical_altar_run_dry
D:4:      layout_loops_cross, minmay_joined_circles

Skill      XL: |  1  2  3  4  5  6 |
---------------+-------------------+-----
Spellcasting   | 3 4 5 6 |  6.1
Fighting       | 1 |  1.6
Short Blades   | |  0.2
Throwing       | |  0.5
Dodging        | |  2.1
Stealth        | |  1.5

Action                   |  1- 3 |  4- 6 || total
-------------------------+-------+-------++-------
Melee: Whip              |     8 |       ||     8
       Short sword       |     1 |    39 ||    40
Throw: Dart              |       |    21 ||    21
 Cast: Sting             |    71 |   118 ||   189
       Shock             |       |    19 ||    19
       Ignite Poison     |       |     3 ||     3
       Slow              |       |     1 ||     1
  Use: Scroll            |       |    13 ||    13
       Potion            |       |     2 ||     2
Armor: Robe              |    13 |    12 ||    25
Dodge: Dodged            |    20 |    55 ||    75

Table legend: (Time is in decaauts)
 A = Elapsed time spent in this place.
 B = Non-inter-level travel time spent in this place.
 C = Inter-level travel time spent in this place.
 D = Time resting spent in this place.
 E = Time spent auto-exploring this place.
 F = Levels seen in this place.
 G = Mean time per level.
                   A        B        C        D        E       F      G
               +--------+--------+--------+--------+--------+-----+--------+
         Total |   5801 |   5708 |     93 |   2667 |   2388 |   4 | 1450.2 |
       Dungeon |   5801 |   5708 |     93 |   2667 |   2388 |   4 | 1450.2 |
               +--------+--------+--------+--------+--------+-----+--------+

Top non-repeatable levels by time:
     D:4: 1641 daAuts
     D:1: 1574 daAuts
     D:2: 1324 daAuts
     D:3: 1260 daAuts
